AoeStats
← len´s_goth

Arabia

510246314Analyzed
2v2 RM · 20h ago on Sep 30, 2026· 25m 41s· 4 players
Game mode
Random Map
Map size
Medium (4 player)
Population
200
Speed
Normal
Resources
Standard
Victory
Conquest
Starting age
Dark Age
Ending age
Imperial Age
RankedLock teamsTeams togetherTeam positionsShared explorationLock speedFull tech treeHidden civsTurbo modeCheats
Victory
Defeat
🇲🇽 Celts · Mexico
1064
+15
🇲🇽 Mongols · Mexico
1056
+15
🇺🇸 Saracens · United States
1051
-16
🇺🇸 Danes · United States
1013
-14
President Smart
4:47 Loom
7:19 Loom
10:06 Feudal Age
11:00 Double-Bit Axe
Spannaway
6:59 Loom
10:38 Feudal Age
11:04 Double-Bit Axe
11:44 Horse Collar
14:23 Wheelbarrow
23:13 Castle Age
21:56 Scale Mail Armor
22:32 Forging
24:19 Squires
25:31 Heavy Plow
El_Terrible
6:44 Loom
9:14 Feudal Age
9:42 Man-at-Arms
15:20 Double-Bit Axe
20:11 Castle Age
22:50 Forging
22:40 Scale Mail Armor
23:13 Horse Collar
26:06 Wheelbarrow
25:37 Town Watch
26:10 Bow Saw
len´s_goth
7:23 Loom
9:43 Feudal Age
13:31 Forging
15:56 Scale Mail Armor
18:40 Bloodlines
24:32 Castle Age
23:16 Gold Mining
23:14 Double-Bit Axe
25:05 Fletching
25:21 Scale Barding Armor
25:41 Bodkin Arrow
26:05 Thumb Ring
26:21 Husbandry
Connection lost

Rejoining the realm…

Still unreachable

The connection could not be restored.

Session expired

The server has moved on; the page needs a fresh start.